 Dungeon Crawl Stone Soup version 0.21.2-1-g0862bd2 (webtiles) character file.

401 Royalard the Ducker (level 6, -7/61 HPs)
             Began as a Troll Monk on June 5, 2019.
             Killed by divine providence
             ... invoked by an orc priest
              (16 damage)
             ... on level 4 of the Dungeon.
             The game lasted 00:25:19 (3015 turns).

Royalard the Ducker (Troll Monk)                    Turns: 3015, Time: 00:25:20

Health: -7/61      AC:  6    Str: 19 (21) XL:     6   Next: 54%
Magic:  5/5        EV: 11    Int:  5 (6)  God:
Gold:   98         SH:  0    Dex: 11 (13) Spells: 5/5 levels left

rFire    x . .     SeeInvis .   p - +3 whip (freeze)
rCold    + . .     Gourm    +   (no shield)
rNeg     . . .     Faith    .   a - +1 robe
rPois    .         Spirit   .   (helmet restricted)
rElec    .         Reflect  .   (no cloak)
rCorr    .         Harm     .   (gloves unavailable)
MR       .....                  (boots unavailable)
Stlth    ++........             (no amulet)
HPRegen  0.60/turn              c - ring of ice
MPRegen  0.09/turn              (no ring)

@: hasted, very quick
A: large, unfitting armour, claws 3, fast metabolism 3, gourmand, regeneration
1, shaggy fur 1, tough skin 2
a: no special abilities


You were on level 4 of the Dungeon.
You were not hungry.

You visited 1 branch of the dungeon, and saw 4 of its levels.

You collected 98 gold pieces.

Inventory:

Hand Weapons
 d - a +0 club
 g - a +0 hand axe
 j - a +0 whip
 k - a +1 whip
 m - a +0 club
 o - a +0 dagger
 p - a +3 whip of freezing (weapon)
 q - a +0 club
 t - a +0 club
 v - a +0 club
 y - a +0 hand axe
 A - a +0 whip
 F - a cursed -3 club
 H - a +0 club
 J - a +1 mace of protection
Missiles
 e - 106 stones (quivered)
 s - 6 tomahawks
 u - 19 sling bullets
 G - 2 large rocks
 N - 18 bolts
Armour
 a - a +1 robe (worn)
 f - a +0 leather armour
 l - a cursed -2 ring mail
 x - a +0 pair of gloves
 D - a +0 helmet
 E - a +0 ring mail
Jewellery
 c - a ring of ice (left claw)
 n - a cursed amulet of inaccuracy {unknown}
 I - an uncursed ring of wizardry {unknown}
 M - an uncursed ring of fire {unknown}
Scrolls
 z - a scroll of remove curse
Potions
 w - 2 potions of curing
Comestibles
 b - 7 rations


   Skills:
 + Level 3.2 Fighting
 + Level 3.5 Maces & Flails
 + Level 1.0 Throwing
 + Level 3.6 Dodging
 + Level 1.6 Stealth
 + Level 3.5 Unarmed Combat


You had 5 spell levels left.
You didn't know any spells.

Dungeon Overview and Level Annotations

Branches:
Dungeon (4/15)
 Temple: D:4-7

Altars:

Annotations:
D:4 Eustachio


Innate Abilities, Weirdness & Mutations

You are too large for most types of armour.
You have claws for hands.
Your metabolism is lightning-fast.
You like to eat raw meat.
Your natural rate of healing is unusually fast.
You are covered in fur. (AC +1)
You have very tough skin. (AC +2)


Message History

Throwing (i - inventory. (,) - cycle):
e - 109 stones (quivered)
Press: ? - help, Shift-Dir - straight line, f/p - rat
Aim: a rat (purple smoke, heavily wounded, summoned)
You throw a stone.
The stone hits the rat but does no damage.
The rat is heavily wounded.
Throwing (i - inventory. (,) - cycle):
e - 108 stones (quivered)
Press: ? - help, Shift-Dir - straight line, f/p - rat
Aim: a rat (heavily wounded, summoned)
You throw a stone. The stone hits the rat.
You kill the rat!
The rat's corpse disappears in a puff of smoke!
Throwing (i - inventory. (,) - cycle):
e - 107 stones (quivered)
Press: ? - help, Shift-Dir - straight line, f - orc priest
Aim: an orc priest, wielding a trident and wearing a leather armour (purple smoke)
You throw a stone.
The stone hits the orc priest but does no damage.
The orc priest mumbles some strange prayers to Beogh against you.
Beogh smites you!
You die...

#<# #.# . #<# .. #.#
... #.# .... ##.##
..... #...#
.....5###########...#
....55(o§(@.........#
.....@###########...#
....= #...# ....
##### ... .. .


You could see an orc priest.

Vanquished Creatures
  2 scorpions (D:4)
  Jessica (D:3)
  Natasha (thrice) (D:3)
  2 orc wizards
  Terence (D:3)
  A hound skeleton (D:4)
  3 adders
  A river rat (D:3)
  An ooze (D:1)
  2 worms
  A dart slug (D:2)
  2 leopard geckos
  3 orcs
  4 giant cockroaches
  9 hobgoblins
  7 kobolds
  6 quokkas
  3 ball pythons
  8 bats
  7 frilled lizards
  5 goblins
  8 rats
80 creatures vanquished.

Notes
Turn   | Place    | Note
-------+----------+-------------------------------------------
     0 | D:1      | Royalard the Troll Monk began the quest for the Orb.
     0 | D:1      | Reached XP level 1. HP: 22/22 MP: 0/0
   130 | D:1      | Reached XP level 2. HP: 25/29 MP: 1/1
  1034 | D:2      | Reached XP level 3. HP: 36/36 MP: 2/2
  1786 | D:3      | Noticed Terence
  1794 | D:3      | Killed Terence
  1794 | D:3      | Reached skill level 1 in Maces & Flails
  1794 | D:3      | Reached XP level 4. HP: 30/44 MP: 3/3
  1859 | D:3      | Noticed Natasha
  1869 | D:3      | Killed Natasha
  1899 | D:3      | Found a glowing drain.
  1956 | D:3      | Noticed Jessica
  1968 | D:3      | Killed Jessica
  1968 | D:3      | Reached XP level 5. HP: 30/52 MP: 4/4
  2010 | D:3      | Noticed Natasha
  2016 | D:3      | Killed Natasha
  2230 | D:3      | Noticed Natasha
  2237 | D:3      | Killed Natasha
  2943 | D:4      | Reached XP level 6. HP: 60/61 MP: 5/5
  2957 | D:4      | Noticed Eustachio
  2994 | D:4      | HP: 3/61 [orc priest/trident (3)]
  3009 | D:4      | Reached skill level 1 in Throwing
  3015 | D:4      | Killed from afar by an orc priest

Skill      XL: |  1  2  3  4  5  6 |
---------------+-------------------+-----
Dodging        | 3 |  3.6
Maces & Flails | 1 2 3 |  3.5
Fighting       | 3 |  3.2
Throwing       | 1 |  1.0
Stealth        | |  1.6
Unarmed Combat | |  3.5

Action                   |  1- 3 |  4- 6 || total
-------------------------+-------+-------++-------
Melee: Unarmed           |    21 |       ||    21
       Whip              |   139 |   131 ||   270
Throw: Stone             |    10 |    16 ||    26
  Use: Scroll            |    11 |       ||    11
       Potion            |       |     9 ||     9
 Stab: Sleeping          |     4 |       ||     4
  Eat: Chunk             |    19 |     8 ||    27
Armor: Robe              |    82 |    48 ||   130
Dodge: Dodged            |   104 |    83 ||   187
